 Dungeon Crawl Stone Soup version 0.24-a0-123-ga2403f3307 (webtiles) character file.

Game seed: 0

18130 whitebite the Nimble (level 12, -2/86 HPs)
             Began as an Octopode Chaos Knight on Feb 22, 2019.
             Was a High Priest of Nemelex Xobeh.
             Slain by a yak (15 damage)
             ... in an ice cave.
             The game lasted 00:27:17 (17199 turns).

whitebite the Nimble (Octopode Chaos Knight)       Turns: 17199, Time: 00:27:17

Health: -2/86      AC:  4    Str: 16    XL:     12   Next: 55%
Magic:  16/18      EV: 20    Int: 10    God:    Nemelex Xobeh [*****.]
Gold:   200        SH:  0    Dex: 13    Spells: 15/19 levels left

rFire    . . .     SeeInvis .   a - +4 scimitar (slice)
rCold    . . .     Gourm    +   (no shield)
rNeg     . . .     Faith    .   (helmet restricted)
rPois    .         Spirit   .   H - amulet of the gourmand
rElec    .         Reflect  .   w - ring of protection from magic
rCorr    +         Harm     .   r - +3 ring of protection
MR       +....                  N - +3 ring of strength
Stlth    +++.......             o - ring of resist corrosion
HPRegen  0.24/turn              (no ring)
MPRegen  0.16/turn              (no ring)
                                (no ring)
                                (no ring)

@: no status effects
A: almost no armour, stealthy swim, amphibious, 8 rings, constrict 8, camouflage
1, clumsy 1, dopey 2, gelatinous body 1
a: Draw Escape, Draw Destruction, Draw Summoning, Triple Draw, Deal Four, Stack
Five, Renounce Religion


You were in an ice cave.
You worshipped Nemelex Xobeh.
Nemelex Xobeh was extremely pleased with you.
You were very full.

You visited 2 branches of the dungeon, and saw 13 of its levels.
You also visited: Ossuary and Ice Cave.

You collected 953 gold pieces.
You spent 753 gold pieces at shops.

Inventory:

Hand Weapons
 a - a +4 scimitar of slicing (weapon)
 u - a +0 blowgun
 y - a +2 short sword of venom
 B - a +2 short sword of freezing
 E - a +6 falchion of chaos
 J - a +0 triple sword of holy wrath
 L - a +1 scimitar of flaming
Missiles
 j - 5 curare-tipped needles
 k - 5 tomahawks (quivered)
Jewellery
 o - a ring of resist corrosion (on tentacle)
 r - a +3 ring of protection (right tentacle)
 w - a ring of protection from magic (left tentacle)
 H - an amulet of the gourmand (around mantle)
 N - a +3 ring of strength (on tentacle)
Wands
 m - a wand of flame (7)
 C - a wand of clouds (1)
 F - a wand of iceblast (35)
 K - a wand of digging (8)
 O - a wand of disintegration (10)
Scrolls
 d - 5 scrolls of fog
 e - 5 scrolls of teleportation {@r3}
 f - 7 scrolls of remove curse {@r2}
 g - 3 scrolls of blinking
 n - a scroll of brand weapon {unknown}
 q - 2 scrolls of fear
 t - a scroll of enchant weapon
 x - 2 scrolls of amnesia {unknown}
 G - 2 scrolls of magic mapping
 I - a scroll of enchant armour {unknown}
 M - a scroll of immolation
Potions
 c - 2 potions of mutation
 h - 2 potions of might
 i - 9 potions of curing {@q1}
 l - 3 potions of heal wounds
 p - 5 potions of lignification
 s - 3 potions of agility
 v - 2 potions of flight
 z - 3 potions of cancellation
 A - 4 potions of invisibility
 D - 2 potions of haste
 P - a potion of ambrosia
Comestibles
 b - 21 rations


   Skills:
 + Level 9.6 Fighting
 * Level 10.8 Long Blades
 - Level 11.0 Dodging
 - Level 4.0 Stealth
 - Level 4.0 Spellcasting
 - Level 2.0 Hexes
 - Level 2.0 Necromancy
 - Level 9.0 Invocations
 + Level 1.0 Evocations


You had 15 spell levels left.
You knew the following spells:

 Your Spells              Type           Power        Failure   Level  Hunger
a - Animate Skeleton      Necr           N/A          11%         1    #......
b - Confusing Touch       Hex            #.....       11%         1    #......
c - Summon Small Mammal   Summ           #...         26%         1    #......
d - Apportation           Tloc           #.....       26%         1    #......

Your spell library contained the following spells:

 Spells                   Type           Power        Failure   Level  Hunger


Dungeon Overview and Level Annotations

Branches:
Dungeon (11/15)            Temple (0/1) D:6            Lair (2/6) D:9
  Swamp (0/4) Lair:2          Orc (0/2) D:10
  Snake: Lair:2-4    Spider: Lair:2-4

Altars:
Ashenzari
Cheibriados
Elyvilon
Gozag
Kikubaaqudgha
Makhleb
Nemelex Xobeh
Okawaru
Ru
Trog
Uskayaw
Vehumet
Wu Jian
Xom
Yredelemnul
The Shining One

Shops:
D:5 !   D:10 ?!!%

Annotations:
D:4 1 runed translucent door, kaisn's ghost, amateur FoFi IceCv exclusion: ice statue


Innate Abilities, Weirdness & Mutations

You cannot wear most types of armour.
You are very stealthy in the water. (Stealth+)
You are amphibious.
You can wear up to eight rings at the same time.
You can use your tentacles to constrict eight enemies at once.
Your skin changes colour to match your surroundings (Stealth+).
Your rubbery body absorbs attacks. (AC +1, EV +1)
You are clumsy. (Dex -2)
You are very dopey. (Int -4)


Message History

g - Guard the area. f - Follow me.
Anything else - Cancel.
Gang up on whom?
Aim: a yak (moderately wounded) Attack!
Something completely misses your yak skeleton.
The yak gores your yak skeleton. Something gores your yak skeleton!!
Your yak skeleton is destroyed!
The yak gores your yak skeleton!
Your yak skeleton gores the yak.
A yak comes into view.
The yak completely misses your yak skeleton.
Your yak skeleton barely misses the yak.
The yak gores you.
* * * LOW HITPOINT WARNING * * *
The yak gores your yak skeleton!
Your yak skeleton completely misses the yak.
The yak gores you!
You die...
Your body glows with a rainbow of weird colours and disappears.

##..###.Z..## ..
##..#.##...# 8.
#.#°☼###..## ≈#
#°○☼.##..# °≈#
##○○##.○####..#
##○○##...Z°#○☼#
#..####.#.°○☼###
# ##.##
####.###Z###..#
#..#
#...Z(#@ZY.#
...##
#.#.#####Y.##
#...# #...#. .##
...## #.##. # ##
...# ≈.# ..
.∩.##≈# .##
..##≈≈ #. ∩.# #
.##


You could see 2 yaks and 2 friendly yak skeletons.

Vanquished Creatures
  A hydra (D:11)
  Erica (D:8)
  A two-headed ogre (D:10)
  Nergalle (D:11)
  Sonja (D:11)
  An unseen horror (D:11)
  A cyclops (D:11)
  An ugly thing (D:11)
  A water nymph (D:8)
  A gargoyle (D:11)
  5 spiny frogs
  A rime drake (Lair:1)
  A tengu conjurer (D:10)
  Grinder (D:5)
  A polar bear (IceCv)
  3 wyverns
  7 yaks
  A basilisk (Lair:1)
  Menkaure (D:5)
  An acid dragon (D:11)
  A porcupine (Lair:1)
  3 orc warriors
  4 sky beasts
  11 ice beasts
  3 phantoms (D:9)
  A necrophage (D:10)
  7 ogres
  A black bear (Lair:1)
  5 wolves (IceCv)
  6 centaurs
  A crocodile (Lair:1)
  2 elf zombies (Ossuary)
  10 bullfrogs
  Blork the orc (D:6)
  A wyvern zombie (D:10)
  3 scorpions
  A wyvern skeleton (D:11)
  3 killer bees (D:9)
  15 wights
  A vampire bat (D:3)
  8 howler monkeys
  2 centaur zombies
  11 crimson imps
  A human zombie (Ossuary)
  A jelly (D:8)
  6 hounds
  A quasit (D:4)
  An orc priest (D:9)
  3 centaur skeletons
  9 orc wizards
  A bullfrog skeleton (D:5)
  Jessica (D:3)
  Ijyb (D:5)
  2 iguanas
  11 worker ants
  A big kobold zombie (Ossuary)
  A killer bee zombie (D:6)
  2 hound zombies (D:10)
  2 hound skeletons
  5 mummies
  3 gnolls (D:5)
  A worker ant zombie (D:5)
  10 adders
  3 shadow imps
  A white imp (D:7)
  2 oozes
  2 adder zombies (Ossuary)
  2 worms
  6 dart slugs
  2 leopard geckos (D:3)
  19 orcs
  2 ball pythons
  3 bat skeletons (D:3)
  3 bat zombies (D:3)
  9 giant cockroaches
  10 hobgoblins
  5 jackals
  8 kobolds
  2 quokkas
  4 bats (D:1)
  6 frilled lizards
  A giant cockroach zombie (D:6)
  A gnoll zombie (Ossuary)
  6 goblins
  3 goblin zombies (Ossuary)
  2 hobgoblin zombies (D:4)
  A jackal zombie (Ossuary)
  2 kobold zombies
  A leopard gecko zombie (D:5)
  An orc zombie (D:4)
  A quokka skeleton (D:4)
  6 rats
  A plant (Lair:1)
311 creatures vanquished.

Vanquished Creatures (collateral kills)
  A black mamba (Lair:1)
  5 yaks
  2 water moccasins
  An ogre (D:6)
  A wight (D:6)
10 creatures vanquished.

Vanquished Creatures (others)
  2 yaks (IceCv)
  An orc (D:8)
  A goblin (D:8)
4 creatures vanquished.

Grand Total: 325 creatures vanquished

Notes
Turn   | Place    | Note
-------+----------+-------------------------------------------
     0 | D:1      | whitebite the Octopode Chaos Knight began the quest for the
                  | Orb.
     0 | D:1      | Reached XP level 1. HP: 16/16 MP: 1/1
    82 | D:1      | Reached skill level 1 in Stealth
    82 | D:1      | Reached XP level 2. HP: 21/21 MP: 2/2
    85 | D:1      | XOM: mild Erth miscast
   380 | D:1      | XOM: god gift: 2 exploding tomahawks
   693 | D:2      | Reached XP level 3. HP: 26/26 MP: 3/3
   729 | D:2      | Found a radiant altar of Vehumet.
   927 | D:2      | Learned a level 1 spell: Animate Skeleton
   929 | D:2      | Learned a level 1 spell: Confusing Touch
  1044 | D:2      | Reached XP level 4. HP: 31/31 MP: 4/4
  1152 | D:2      | XOM: harmless Ice miscast
  1284 | D:2      | XOM: cloud trail
  1365 | D:2      | Found a shattered altar of Ashenzari.
  1383 | D:2      | XOM: harmless Tloc miscast
  1480 | D:2      | XOM: cloud trail
  1506 | D:2      | Found an opulent altar of Gozag.
  1625 | D:2      | XOM: silly message
  1660 | D:2      | XOM: divination: detect creatures
  1987 | D:3      | XOM: divination: detect items
  1991 | D:3      | XOM: cast spell 'Leda's Liquefaction'
  2075 | D:3      | XOM: cloud trail
  2207 | D:3      | Found a sparkling altar of Nemelex Xobeh.
  2212 | D:3      | Fell from the grace of Xom
  2212 | D:3      | Became a worshipper of Nemelex Xobeh the Trickster
  2217 | D:3      | Received a gift from Nemelex Xobeh
  2222 | D:3      | Noticed Jessica
  2229 | D:3      | Killed Jessica
  2229 | D:3      | Reached skill level 3 in Dodging
  2229 | D:3      | Reached XP level 5. HP: 36/36 MP: 4/6
  2324 | D:3      | Found an ancient bone altar of Kikubaaqudgha.
  2328 | D:3      | Reached skill level 1 in Spellcasting
  2328 | D:3      | Reached skill level 1 in Necromancy
  2442 | D:3      | Found a burning altar of Makhleb.
  2798 | D:3      | Found a sparkling altar of Nemelex Xobeh.
  2995 | D:3      | Found a bloodstained altar of Trog.
  3231 | D:3      | Learned a level 1 spell: Summon Small Mammal
  3233 | D:3      | Learned a level 1 spell: Apportation
  3250 | D:4      | Noticed an ogre
  3260 | D:4      | Killed an ogre
  3260 | D:4      | Reached XP level 6. HP: 43/43 MP: 6/8
  3341 | D:4      | Reached skill level 1 in Hexes
  3688 | D:4      | Found a shimmering altar of Xom.
  3698 | D:4      | Reached XP level 7. HP: 47/47 MP: 9/9
  3792 | D:4      | Reached * piety under Nemelex Xobeh
  3792 | D:4      | Received a gift from Nemelex Xobeh
  3814 | D:4      | Found a runed translucent door.
  3814 | D:4      | Noticed kaisn's ghost (amateur FoFi)
  3830 | D:4      | Found a glowing golden altar of the Shining One.
  3833 | D:4      | Noticed an angel
  3932 | D:4      | Reached skill level 5 in Long Blades
  4186 | D:4      | XOM: noise
  4319 | D:4      | Found a basalt altar of Yredelemnul.
  4321 | D:4      | Noticed a profane servitor
  4381 | D:4      | XOM: give mutations
  4381 | D:4      | Gained mutation: You are clumsy. (Dex -2) [Xom's mischief]
  4381 | D:4      | Gained mutation: You are dopey. (Int -2) [Xom's mischief]
  4384 | D:4      | Found a sacrificial altar of Ru.
  4507 | D:4      | XOM: stat loss: -2 Dex (9/11)
  4577 | D:5      | Entered Level 5 of the Dungeon
  4674 | D:5      | Noticed Ijyb
  4690 | D:5      | Killed Ijyb
  4690 | D:5      | Reached skill level 4 in Dodging
  4748 | D:5      | Noticed Menkaure
  4757 | D:5      | Killed Menkaure
  4757 | D:5      | Reached XP level 8. HP: 34/54 MP: 11/11
  4824 | D:5      | XOM: mild Air miscast
  5170 | D:5      | Noticed Grinder
  5186 | D:5      | Killed Grinder
  5186 | D:5      | Reached skill level 5 in Fighting
  5186 | D:5      | Reached skill level 5 in Dodging
  5586 | D:5      | XOM: medium Pois miscast
  5717 | D:5      | Found Gapixyno's Distillery.
  5725 | D:5      | Bought a potion of degeneration for 12 gold pieces
  5725 | D:5      | Bought a potion of heal wounds for 60 gold pieces
  5725 | D:5      | Bought a potion of heal wounds for 60 gold pieces
  5725 | D:5      | Bought a potion of berserk rage for 60 gold pieces
  5725 | D:5      | Bought a potion of lignification for 36 gold pieces
  5782 | D:5      | Received a gift from Nemelex Xobeh
  5833 | D:5      | Reached ** piety under Nemelex Xobeh
  6077 | D:5      | Reached skill level 1 in Invocations
  6958 | D:6      | Noticed Blork the orc
  6959 | D:6      | Found a staircase to the Ecumenical Temple.
  6961 | D:6      | Killed Blork the orc
  7045 | D:6      | Reached XP level 9. HP: 45/62 MP: 12/12
  7050 | D:6      | XOM: chaos upgrade
  7334 | D:6      | XOM: medium Air miscast
  7678 | D:6      | XOM: medium Conj miscast
  7873 | D:6      | Reached skill level 6 in Dodging
  7919 | D:6      | XOM: summons 3 hostile shadow creatures
  8214 | D:6      | Reached skill level 5 in Invocations
  8463 | D:7      | Received a gift from Nemelex Xobeh
  8569 | D:7      | XOM: mild Chrm miscast
  9262 | D:8      | Found an ornate altar of the Wu Jian Council.
  9268 | D:8      | Found a sand-covered staircase.
  9280 | Ossuary  | Entered an ossuary
  9280 | Ossuary  | Reached *** piety under Nemelex Xobeh
  9403 | Ossuary  | XOM: mild Fire miscast
  9560 | Ossuary  | Reached skill level 7 in Dodging
  9616 | Ossuary  | XOM: give mutations
  9616 | Ossuary  | Lost mutation: You are dopey. (Int -2) [Xom's mischief]
  9616 | Ossuary  | Gained mutation: You are dopey. (Int -2) [Xom's mischief]
  9616 | Ossuary  | Gained mutation: You are very dopey. (Int -4) [Xom's
                  | mischief]
  9639 | D:8      | Reached XP level 10. HP: 71/71 MP: 14/14
  9677 | D:8      | Noticed Erica
  9695 | D:8      | Killed Erica
  9726 | D:8      | Noticed a two-headed ogre
  9729 | D:8      | Noticed a water nymph
  9729 | D:8      | a two-headed ogre changed into a water nymph
  9734 | D:8      | Killed a water nymph
  9927 | D:8      | Received a gift from Nemelex Xobeh
  9927 | D:8      | Found a white marble altar of Elyvilon.
  9927 | D:8      | XOM: 5-stop teleportation journey
 10356 | D:8      | Found a snail-covered altar of Cheibriados.
 10356 | D:8      | Found a faded altar of an unknown god.
 10502 | D:8      | XOM: medium Hex miscast
 10567 | D:8      | Found an iron altar of Okawaru.
 10571 | D:8      | Found a hide-covered altar of Uskayaw.
 10573 | D:8      | Found a faded altar of an unknown god.
 10677 | D:9      | XOM: scenery: 1 doors close
 10773 | D:9      | XOM: divination: detect creatures
 10796 | D:9      | XOM: noise
 10809 | D:9      | Reached skill level 8 in Dodging
 11006 | D:9      | Received a gift from Nemelex Xobeh
 11030 | D:9      | Noticed Joseph
 11031 | D:9      | Noticed Joseph
 11031 | D:9      | Joseph changed into Joseph the spiny frog
 11033 | D:9      | Killed Joseph the spiny frog
 11049 | D:9      | Found a staircase to the Lair.
 11221 | D:9      | XOM: harmless Tmut miscast
 11244 | D:9      | Reached **** piety under Nemelex Xobeh
 11398 | D:9      | XOM: harmless Conj miscast
 11532 | D:9      | XOM: harmless Erth miscast
 11627 | D:9      | Reached XP level 11. HP: 15/77 MP: 17/17
 11853 | D:9      | XOM: cloud trail
 12177 | D:9      | XOM: noise
 12177 | D:9      | Was forgiven by Xom
 12294 | D:10     | Entered Level 10 of the Dungeon
 12454 | D:10     | Received a gift from Nemelex Xobeh
 12571 | D:10     | Reached skill level 9 in Dodging
 12724 | D:10     | Found Nofuo's Magic Scroll Boutique.
 12753 | D:10     | Bought a scroll of fog for 26 gold pieces
 12753 | D:10     | Bought a scroll of teleportation for 39 gold pieces
 12753 | D:10     | Bought a scroll of teleportation for 39 gold pieces
 12753 | D:10     | Bought a scroll of fear for 45 gold pieces
 12753 | D:10     | Bought a scroll of blinking for 97 gold pieces
 12753 | D:10     | Bought a scroll of blinking for 97 gold pieces
 12753 | D:10     | Bought a scroll of identify for 26 gold pieces
 12753 | D:10     | Bought a scroll of identify for 26 gold pieces
 12830 | D:10     | Found Fefradoe's Food Shoppe.
 12830 | D:10     | Noticed a two-headed ogre
 12831 | D:10     | Found Qecimn's Distillery.
 12834 | D:10     | Killed a two-headed ogre
 12937 | D:10     | Bought a potion of heal wounds for 65 gold pieces
 13165 | D:10     | Found Itausexe's Distillery.
 13189 | D:10     | Found a staircase to the Orcish Mines.
 13275 | D:11     | Noticed a cyclops
 13296 | D:11     | Killed a cyclops
 13315 | D:11     | Noticed a six-headed hydra
 13343 | D:11     | Killed a six-headed hydra
 13361 | D:11     | Noticed a red ugly thing
 13362 | D:11     | Noticed Nergalle
 13364 | D:11     | Killed Nergalle
 13367 | D:11     | Killed a red ugly thing
 13528 | D:11     | Noticed Sonja
 13531 | D:11     | Killed Sonja
 13531 | D:11     | Reached skill level 10 in Dodging
 13896 | D:11     | Killed an unseen horror
 14081 | D:11     | Received a gift from Nemelex Xobeh
 14379 | D:11     | Reached XP level 12. HP: 67/85 MP: 18/18
 14508 | D:11     | Reached skill level 10 in Long Blades
 14722 | D:10     | Bought a potion of heal wounds for 65 gold pieces
 14809 | Lair:1   | Entered Level 1 of the Lair of Beasts
 14840 | Lair:1   | Reached ***** piety under Nemelex Xobeh
 15361 | Lair:1   | Received a gift from Nemelex Xobeh
 16018 | Lair:1   | Received a gift from Nemelex Xobeh
 16561 | Lair:2   | Found a frozen archway.
 16646 | IceCv    | Entered an ice cave
 17076 | IceCv    | Reached skill level 11 in Dodging
 17193 | IceCv    | Reached skill level 1 in Evocations
 17199 | IceCv    | Slain by a yak

Levels and vault maps discovered:
D:1:      ebering_trefoil_3fold, layout_basic
D:2:      layout_loops_ring, lemuel_crystal_altar,
          nicolae_overflow_hidden_temple, grunt_gozag_breadcrumbs
D:3:      layout_loops_ring, kennysheep_vampire_church,
          lemuel_coloured_pillars_altar, old_standard_altar,
          lemuel_doored_altar, hangedman_decor_push, grunt_ministairs_8,
          nemelex_diamond_rough_becter, uniq_jessica
D:4:      wander_river, layout_loops_ring, grunt_temple_overflow_holy_war,
          marbit_many_paths, lemuel_round_altar, first_ration,
          gammafunk_ghost_grave, minmay_crystal_water, minmay_mini_ossuary
D:5:      layout_basic, serial_shops, nicolae_shop_statue_plus, uniq_menkaure,
          uniq_ijyb, uniq_grinder
D:6:      layout_basic, minmay_temple_entry_wispy, uniq_blork_the_orc
D:7:      layout_basic, minmay_nine_imps
D:8:      layout_loops_cross, chequers_temple_overflow_minitemple,
          kennysheep_mini_moat, elyvilon_altar_4,
          nicolae_ossuary_entry_monument, uniq_erica
D:9:      layout_stronghold, lair_entry_dummy, uniq_joseph
D:10:     layout_basic, orc_0_dummy, serial_shops, shop, shop,
          nicolae_shop_stone, shop, grunt_tengu_nest
D:11:     layout_roguey, uniq_sonja, uniq_nergalle
Lair:1:   layout_regular_city, hibernation_bobbens
Lair:2:   layout_regular_city, minmay_swamp_entry_worms,
          portal_ice_cave_entry_ice_beasts, gauntlet_entry_generic,
          grunt_megastairs_5, lemuel_fruit_fields
Ossuary:  ossuary_minmay_tomb_2a
IceCv:    ice_cave_caverns_02

Skill      XL: |  1  2  3  4  5  6  7  8  9 10 11 12 |
---------------+-------------------------------------+-----
Stealth        | 1 2 3 4 |  4.0
Long Blades    | 4 6 8 9 10 | 10.8
Dodging        | 3 4 5 7 8 10 11 | 11.0
Spellcasting   | 1 2 3 4 |  4.0
Necromancy     | 1 2 |  2.0
Hexes          | 1 2 |  2.0
Fighting       | 4 6 7 8 9 |  9.6
Invocations    | 3 6 7 8 9 |  9.0
Evocations     | 1 |  1.0

Action                   |  1- 3 |  4- 6 |  7- 9 | 10-12 || total
-------------------------+-------+-------+-------+-------++-------
Melee: Falchion          |    50 |    75 |   149 |   283 ||   557
       Constrict         |    17 |    30 |    63 |    59 ||   169
       Tentacles         |    11 |    20 |    66 |   103 ||   200
       Dagger            |       |    34 |   112 |       ||   146
       Scimitar          |       |       |       |   102 ||   102
Throw: Tomahawk          |       |     1 |       |       ||     1
 Cast: Animate Skeleton  |       |       |       |    14 ||    14
 Abil: Draw Destruction  |       |       |     4 |    18 ||    22
       Draw Summoning    |       |       |     3 |     4 ||     7
Evoke: Wand              |       |       |    14 |     8 ||    22
  Use: Scroll            |       |       |    14 |     8 ||    22
       Potion            |       |       |       |     2 ||     2
 Stab: Sleeping          |     8 |    11 |    25 |    18 ||    62
       Petrifying        |       |     2 |       |       ||     2
       Confused          |       |       |     1 |     1 ||     2
       Distracted        |       |       |       |     1 ||     1
       Paralysed         |       |       |       |     6 ||     6
  Eat: Chunk             |       |     9 |     9 |    27 ||    45
       Ration            |       |       |     3 |     1 ||     4
Armor: Skin              |     2 |     7 |    35 |    35 ||    79
Dodge: Dodged            |    34 |    64 |   140 |   255 ||   493
       Rpst.: Falchion   |    12 |    17 |    25 |    49 ||   103
       Scimitar          |       |       |       |    26 ||    26

Table legend:
 A = Non-vault XP
 B = Vault XP
 C = Vault XP percentage of total XP
 D = Non-vault monster count
 E = Vault monster count
 F = Vault count percentage of total count
                 A         B        C        D         E       F
            +---------+---------+-------+---------+---------+-------
      Total |   18313 |    7588 |  29.3 |     251 |      70 |  21.8
            +---------+---------+-------+---------+---------+-------
        D:1 |      33 |       0 |   0.0 |      20 |       0 |   0.0
        D:2 |      61 |       0 |   0.0 |      21 |       0 |   0.0
        D:3 |      75 |     116 |  60.7 |      22 |      10 |  31.2
        D:4 |     700 |      22 |   3.0 |      19 |       5 |  20.8
        D:5 |     397 |     494 |  55.4 |      14 |       3 |  17.6
        D:6 |    1171 |      87 |   6.9 |      25 |       1 |   3.8
        D:7 |     454 |     360 |  44.2 |      13 |       9 |  40.9
        D:8 |    1722 |     886 |  34.0 |      20 |       1 |   4.8
        D:9 |    1930 |     397 |  17.1 |      32 |       1 |   3.0
       D:10 |    3002 |     309 |   9.3 |      21 |       1 |   4.5
       D:11 |    5131 |    1598 |  23.7 |      25 |       2 |   7.4
     Lair:1 |    3637 |     187 |   4.9 |      19 |       1 |   5.0
     Lair:2 |       0 |    1026 | 100.0 |       0 |       8 | 100.0
    Ossuary |       0 |     355 | 100.0 |       0 |      16 | 100.0
      IceCv |       0 |    1751 | 100.0 |       0 |      12 | 100.0
            +---------+---------+-------+---------+---------+-------
